 Dungeon Crawl Stone Soup version 0.14-a0-2632-gd2f732a (console) character file.

1818 wheals the Grappler (level 8, -5/58 (59) HPs)
             Began as a Ghoul Hunter on Feb 16, 2014.
             Was a Follower of Makhleb.
             Slain by Banquo's ghost (9 damage)
             ... on Level 7 of the Dungeon.
             The game lasted 00:25:52 (6962 turns).

wheals the Grappler (Ghoul Hunter)                  Turns: 6962, Time: 00:25:52

HP  -5/58 (59)   AC 10     Str 17      XL: 8   Next: 77%
MP   6/6         EV 13     Int  6      God: Makhleb [*.....]
Gold 349         SH  0     Dex 10      Spells:  0 memorised,  7 levels left

rFire  . . .     SeeInvis +     b - +2,+3 dwarf crossbow (evade)
rCold  + . .     Clarity  .     G - +0 elf scale mail
rNeg   + + +     Conserve .     (no shield)
rPois  +         rCorr    .     (no helmet)
rElec  .         rRot     +     v - +0 cloak
SustAb . .       Spirit   .     A - +2 pair of gloves
rMut   .         Warding  .     (no boots)
Saprov + + +     Stasis   .     (no amulet)
MR     .....                    m - ring of invisibility
                                F - ring of see invisible {unknown}

@: very slightly contaminated, rotting, not resistant to hostile enchantments,
extremely unstealthy
A: rotting body, claws 1, carnivore 3, cold resistance 1, life protection 3,
poison resistance, saprovore 3, slow healing 1, torment resistance, unbreathing
a: Renounce Religion, Evoke Invisibility


You were on level 7 of the Dungeon.
You worshipped Makhleb.
Makhleb was aware of your devotion.
You were not hungry.

You visited 2 branches of the dungeon, and saw 8 of its levels.

You collected 349 gold pieces.

Inventory:

Hand weapons
 b - a +2,+3 dwarven crossbow of evasion (weapon)
   (You took it off a kobold on level 5 of the Dungeon)
 e - a +1,+1 crossbow
 y - a +0 orcish blowgun
   (You took it off a kobold on level 5 of the Dungeon)
Missiles
 c - 46 bolts (quivered)
 B - 7 javelins
Armour
 v - a +0 cloak (worn)
   (You found it on level 4 of the Dungeon)
 A - a +2 pair of gloves (worn)
   (You found it on level 3 of the Dungeon)
 G - a +0 elven scale mail (worn)
   (You found it on level 6 of the Dungeon)
Magical devices
 D - a wand of frost (13)
   (You found it on level 7 of the Dungeon)
Comestibles
 i - 3 meat rations
Scrolls
 a - 5 scrolls of remove curse
 h - 2 scrolls of curse jewellery {unknown}
 k - 3 scrolls of teleportation
 n - a scroll of curse weapon {unknown}
 p - a scroll of random uselessness {unknown}
 s - 2 scrolls of fear
 t - a scroll of vulnerability {unknown}
 u - a scroll of enchant weapon II {unknown}
 x - 5 scrolls of fog
 C - a scroll of enchant weapon I {unknown}
Jewellery
 m - a ring of invisibility (right hand)
   (You found it on level 6 of the Dungeon)
 F - a ring of see invisible (left hand) {unknown}
   (You found it on level 7 of the Dungeon)
 H - a +1 ring of intelligence
   (You found it on level 5 of the Dungeon)
Potions
 d - a potion of brilliance
 g - a potion of mutation {unknown}
 j - a potion of agility
 l - 2 potions of restore abilities
 o - a potion of might
 r - a potion of magic {!q}
 w - a potion of flight {unknown}
 z - a potion of speed {unknown}
 E - a potion of confusion {unknown}


   Skills:
 - Level 1.1 Fighting
 + Level 7.9 Crossbows
 - Level 1.7 Dodging
 - Level 1.1 Stealth
 - Level 8.0 Unarmed Combat


You had 7 spell levels left.
You didn't know any spells.

Dungeon Overview and Level Annotations

Branches:
Dungeon (7/16)             Temple (1/1) D:6

Altars:
Cheibriados
Makhleb
Nemelex Xobeh
Trog
Yredelemnul
The Shining One

Annotations:
D:7 1 exclusion, Banquo's ghost, experienced GrHu


Innate Abilities, Weirdness & Mutations

Your body is rotting away.
You have sharp fingernails.
You are carnivorous and can eat meat at any time.
Your flesh is cold resistant.
You are immune to negative energy.
Your system is resistant to poisons.
You thrive on rotten meat.
You heal slowly when monsters are visible.
You are immune to unholy pain and torment.
You can survive without breathing.


Message History

Banquo's ghost hits you but does no damage.
Banquo's ghost screams, "They lied to you.
The Dungeon just goes down and down forever."
There is a stone staircase leading down here.
Firing (i - inventory. (,) - cycle):
c - 60 bolts (quivered)
Press: ? - help, Shift-Dir - straight line, f/p - Banquo's ghost
Aim: Banquo's ghost (heavily damaged)
You shoot a bolt. The bolt hits Banquo's ghost.
Banquo's ghost is severely damaged.
Banquo's ghost hits you!
Firing (i - inventory. (,) - cycle):
c - 59 bolts (quivered)
Press: ? - help, Shift-Dir - straight line, f/p - Banquo's ghost
Aim: Banquo's ghost (severely damaged)
You shoot a bolt. The bolt hits Banquo's ghost.
Banquo's ghost is almost destroyed.
Banquo's ghost hits you.
* * * LOW HITPOINT WARNING * * *
Banquo's ghost hits you.
* * * LOW HITPOINT WARNING * * *
Read which item? (? for menu, Esc to quit)
Blink to where?
Press: ? - help, Dir - move target cursor, p - Banquo's ghost
As you read the scroll of blinking, it crumbles to dust.
You are very lightly contaminated with residual magic.
You are too injured to fight recklessly!
Firing (i - inventory. (,) - cycle):
c - 58 bolts (quivered)
Press: ? - help, Shift-Dir - straight line, f - Banquo's ghost
Aim: Banquo's ghost (translocational energy, almost destroyed)
You shoot a bolt. The bolt hits Banquo's ghost.
Banquo's ghost is almost destroyed.
Firing (i - inventory. (,) - cycle):
c - 57 bolts (quivered)
Press: ? - help, Shift-Dir - straight line, f/p - Banquo's ghost
Aim: Banquo's ghost (almost destroyed)
You shoot a bolt. The bolt hits Banquo's ghost.
Banquo's ghost is almost destroyed.
Firing (i - inventory. (,) - cycle):
c - 56 bolts (quivered)
Press: ? - help, Shift-Dir - straight line, f/p - Banquo's ghost
Aim: Banquo's ghost (almost destroyed)
You shoot a bolt. The bolt hits Banquo's ghost.
Banquo's ghost is almost destroyed.
Firing (i - inventory. (,) - cycle):
c - 55 bolts (quivered)
Press: ? - help, Shift-Dir - straight line, f/p - Banquo's ghost
Aim: Banquo's ghost (almost destroyed)
You shoot a bolt. The bolt hits Banquo's ghost.
Banquo's ghost is almost destroyed.
Firing (i - inventory. (,) - cycle):
c - 54 bolts (quivered)
Press: ? - help, Shift-Dir - straight line, f/p - Banquo's ghost
Aim: Banquo's ghost (almost destroyed)
You shoot a bolt. The bolt hits Banquo's ghost.
Banquo's ghost is almost destroyed.
Firing (i - inventory. (,) - cycle):
c - 53 bolts (quivered)
Press: ? - help, Shift-Dir - straight line, f/p - Banquo's ghost
Aim: Banquo's ghost (almost destroyed)
You shoot a bolt. The bolt hits Banquo's ghost.
Banquo's ghost is almost destroyed.
Firing (i - inventory. (,) - cycle):
c - 52 bolts (quivered)
Press: ? - help, Shift-Dir - straight line, f/p - Banquo's ghost
Aim: Banquo's ghost (almost destroyed)
You shoot a bolt. The bolt hits Banquo's ghost.
Banquo's ghost is almost destroyed.
Banquo's ghost hits you but does no damage.
Banquo's ghost hits you.
* * * LOW HITPOINT WARNING * * *
Drink which item? (? for menu, Esc to quit)
Really quaff
q - a potion of heal wounds {!q}?
You feel much better. Banquo's ghost closely misses you.
Firing (i - inventory. (,) - cycle):
c - 51 bolts (quivered)
Press: ? - help, Shift-Dir - straight line, f/p - Banquo's ghost
Aim: Banquo's ghost (almost destroyed)
You shoot a bolt. The bolt hits Banquo's ghost.
Banquo's ghost is almost destroyed.
Banquo's ghost hits you!
Firing (i - inventory. (,) - cycle):
c - 50 bolts (quivered)
Press: ? - help, Shift-Dir - straight line, f/p - Banquo's ghost
Aim: Banquo's ghost (almost destroyed)
You shoot a bolt. The bolt hits Banquo's ghost.
Banquo's ghost is almost destroyed.
Banquo's ghost hits you.
Firing (i - inventory. (,) - cycle):
c - 49 bolts (quivered)
Press: ? - help, Shift-Dir - straight line, f/p - Banquo's ghost
Aim: Banquo's ghost (almost destroyed)
You shoot a bolt. The bolt hits Banquo's ghost.
Banquo's ghost is almost destroyed.
Banquo's ghost hits you but does no damage.
Banquo's ghost hits you!
* * * LOW HITPOINT WARNING * * *
Firing (i - inventory. (,) - cycle):
c - 48 bolts (quivered)
Press: ? - help, Shift-Dir - straight line, f/p - Banquo's ghost
Aim: Banquo's ghost (almost destroyed)
You shoot a bolt. The bolt hits Banquo's ghost.
Banquo's ghost is almost destroyed.
Banquo's ghost hits you!
* * * LOW HITPOINT WARNING * * *
Read which item? (? for menu, Esc to quit)
Okay, then.
You see here a dagger.
Firing (i - inventory. (,) - cycle):
c - 47 bolts (quivered)
Press: ? - help, Shift-Dir - straight line, f/p - Banquo's ghost
Aim: Banquo's ghost (almost destroyed)
You shoot a bolt. The bolt misses Banquo's ghost.
Banquo's ghost hits you!
You die...

....,,* ##.## #.##.##).##.<
#.#**** #...# #.##.##.#.#.. ..#
#...# #.......##.## #### #...#
##...######.# ...# #...# #...#
##. ##.# #...# #######.## ###.
#.########...###.....#.# #...
##.##...............#.#.######...
#..(((((((((..)pn...#.#.....)....
#..##...............#.#..#####...
....#######...##......#..#####...
###.# #...##.##.#.......##.## #
#.# #...##.##.#........#.#. ###.#
#...##.##......##..#..#
....#######.......###...###..#.##
#.###.........##..............#..
#.###.#####.#####.###.###....##.<


You could see Banquo's ghost.

Vanquished Creatures
  Monster Symbol All ' '
  The ghost of Banquo the Covert, an average SpAs (D:3)
1 creature vanquished. All '5' A crimson imp (D:6)
1 creature vanquished. All ';' A giant goldfish (D:7) A big fish (D:7)
2 creatures vanquished. All 'B' A goliath beetle (D:7)
1 creature vanquished. All 'F' 3 giant frogs (D:6)
3 creatures vanquished. All 'I' A sky beast (D:7) An ice beast (D:5)
2 creatures vanquished. All 'J' A jellyfish (D:7) An ooze (D:5)
2 creatures vanquished. All 'K' 15 kobolds (D:1 D:2 D:3 D:4 D:5)
15 creatures vanquished. All 'O' An ogre (D:6)
1 creature vanquished. All 'S' 3 adders (D:5 D:7) 3 ball pythons (D:1 D:3 D:5)
6 creatures vanquished. All 'a' 6 worker ants (D:3 D:4 D:6 D:7)
6 creatures vanquished. All 'b' 6 bats (D:1 D:2 D:4)
6 creatures vanquished. All 'g' 3 gnolls (D:2) 6 hobgoblins (D:1 D:3 D:4 D:5 D:7) 14 goblins (D:1 D:2 D:3 D:4 D:6)
23 creatures vanquished. All 'h' A hound (D:7) 4 jackals (D:1 D:7)
5 creatures vanquished. All 'l' 3 iguanas (D:5 D:6 D:7) 3 giant geckos (D:1 D:2 D:4) 3 giant newts (D:3 D:4)
9 creatures vanquished. All 'o' An orc warrior (D:6) 3 orc wizards (D:4) An orc priest (D:4) 8 orcs (D:4 D:6)
13 creatures vanquished. All 'r' 4 quokkas (D:2 D:3 D:6 D:7) 22 rats (D:1 D:2 D:3 D:4 D:5)
26 creatures vanquished. All 's' A scorpion (D:7) A giant mite (D:7) 4 giant cockroaches (D:1 D:2)
6 creatures vanquished. All 'w' 2 worms (D:3 D:6)
2 creatures vanquished. All 'z' A worker ant zombie (D:3) A bat zombie (D:6) A kobold skeleton (D:6) 2 orc zombies (D:5 D:6)
5 creatures vanquished.
135 creatures vanquished. Monster Nature Natural Monsters The ghost of Banquo the Covert, an average SpAs (D:3) A sky beast (D:7) An orc warrior (D:6) An ogre (D:6) An ice beast (D:5) A giant goldfish (D:7) 3 giant frogs (D:6) A big fish (D:7) A goliath beetle (D:7) A jellyfish (D:7) 3 orc wizards (D:4) A scorpion (D:7) An orc priest (D:4) A hound (D:7) 3 iguanas (D:5 D:6 D:7) 6 worker ants (D:3 D:4 D:6 D:7) 3 gnolls (D:2) 3 adders (D:5 D:7) 2 worms (D:3 D:6) A giant mite (D:7) An ooze (D:5) 8 orcs (D:4 D:6) 6 bats (D:1 D:2 D:4) 4 giant cockroaches (D:1 D:2) 6 hobgoblins (D:1 D:3 D:4 D:5 D:7) 4 jackals (D:1 D:7) 15 kobolds (D:1 D:2 D:3 D:4 D:5) 3 ball pythons (D:1 D:3 D:5) 3 giant geckos (D:1 D:2 D:4) 3 giant newts (D:3 D:4) 14 goblins (D:1 D:2 D:3 D:4 D:6) 4 quokkas (D:2 D:3 D:6 D:7) 22 rats (D:1 D:2 D:3 D:4 D:5)
129 creatures vanquished. Undead Monsters A worker ant zombie (D:3) A bat zombie (D:6) A kobold skeleton (D:6) 2 orc zombies (D:5 D:6)
5 creatures vanquished. Demonic Monsters A crimson imp (D:6)
1 creature vanquished.
135 creatures vanquished. Ascending Order The ghost of Banquo the Covert, an average SpAs (D:3) A sky beast (D:7) An orc warrior (D:6) An ogre (D:6) An ice beast (D:5) A giant goldfish (D:7) A crimson imp (D:6) A jellyfish (D:7) A goliath beetle (D:7) A big fish (D:7) A scorpion (D:7) An orc priest (D:4) A hound (D:7) A worker ant zombie (D:3) A giant mite (D:7) An ooze (D:5) A bat zombie (D:6) A kobold skeleton (D:6) 2 worms (D:3 D:6) 2 orc zombies (D:5 D:6) 3 giant frogs (D:6) 3 orc wizards (D:4) 3 iguanas (D:5 D:6 D:7) 3 gnolls (D:2) 3 adders (D:5 D:7) 3 ball pythons (D:1 D:3 D:5) 3 giant newts (D:3 D:4) 3 giant geckos (D:1 D:2 D:4) 4 jackals (D:1 D:7) 4 giant cockroaches (D:1 D:2) 4 quokkas (D:2 D:3 D:6 D:7) 6 worker ants (D:3 D:4 D:6 D:7) 6 bats (D:1 D:2 D:4) 6 hobgoblins (D:1 D:3 D:4 D:5 D:7) 8 orcs (D:4 D:6) 14 goblins (D:1 D:2 D:3 D:4 D:6) 15 kobolds (D:1 D:2 D:3 D:4 D:5) 22 rats (D:1 D:2 D:3 D:4 D:5)
135 creatures vanquished.

Notes
Turn   | Place    | Note
--------------------------------------------------------------
     0 | D:1      | wheals, the Ghoul Hunter, began the quest for the Orb.
     0 | D:1      | Reached XP level 1. HP: 16/16 MP: 1/1
   292 | D:1      | Reached skill level 4 in Crossbows
   292 | D:1      | Reached XP level 2. HP: 21/23 MP: 2/2
  1201 | D:2      | Reached XP level 3. HP: 28/28 MP: 3/3
  1411 | D:2      | Reached skill level 5 in Crossbows
  1411 | D:2      | Reached XP level 4. HP: 17/35 MP: 3/3
  2279 | D:3      | Reached skill level 1 in Unarmed Combat
  2924 | D:3      | Reached XP level 5. HP: 38/40 MP: 4/4
  2975 | D:3      | Noticed Banquo's ghost (average SpAs)
  2979 | D:3      | Killed Banquo's ghost
  2979 | D:3      | Reached XP level 6. HP: 47/47 MP: 5/5
  3294 | D:3      | Reached skill level 5 in Unarmed Combat
  3756 | D:4      | Reached skill level 6 in Unarmed Combat
  4276 | D:4      | Noticed a moth of wrath
  4278 | D:4      | Found a bloodstained altar of Trog.
  4401 | D:5      | Entered Level 5 of the Dungeon
  4410 | D:5      | Reached XP level 7. HP: 52/52 MP: 5/5
  4573 | D:5      | Reached skill level 7 in Unarmed Combat
  4683 | D:5      | Found a bloodstained altar of Trog.
  5320 | D:6      | Reached skill level 8 in Unarmed Combat
  5513 | D:6      | Reached XP level 8. HP: 57/59 MP: 6/6
  5557 | D:6      | Found a basalt altar of Yredelemnul.
  5822 | D:6      | Found a staircase to the Ecumenical Temple.
  5832 | Temple   | Entered the Ecumenical Temple
  5842 | Temple   | Became a worshipper of Makhleb the Destroyer
  6805 | D:7      | Acquired Makhleb's first power
  6821 | D:7      | Noticed Banquo's ghost (experienced GrHu)
  6822 | D:7      | @:not you again
  6962 | D:7      | Slain by Banquo's ghost

Action                   |  1- 3 |  4- 6 |  7- 9 || total
-------------------------+-------+-------+-------++-------
Melee: Unarmed           |   102 |   147 |   214 ||   463
 Fire: Crossbow          |    13 |    46 |    91 ||   150
Evoke: Wand              |       |       |     2 ||     2
  Use: Scroll            |       |     8 |     7 ||    15
       Potion            |       |     4 |     2 ||     6

Table legend:
 A = Turns spent in this place as a percentage of turns spent in the entire game.
 B = Non-inter-level travel turns spent in this place as a percentage of non-inter-level travel turns spent in the entire game.
 C = Inter-level travel turns spent in this place as a percentage of turns spent in this place.
 D = Turns resting spent in this place as a percentage of non-inter-level travel turns spent in this place.
 E = Turns spent auto-exploring this place as a percentage of non-inter-level travel turns spent in this place.
 F = Non-inter-level travel turns spent in this place divided by the number of levels of this place that you've seen.
                   A       B       C       D       E      F
               +-------+-------+-------+-------+-------+----------------------
         Total | 100.0 | 100.0 |   0.5 |   4.9 |   7.5 | 270.8
       Dungeon |  99.4 |  99.4 |   0.5 |   4.9 |   7.6 | 307.4
        Temple |   0.6 |   0.6 |   0.0 |   0.0 |   0.0 |  14.0
               +-------+-------+-------+-------+-------+----------------------

Table legend:
 A = Kills in this place as a percentage of kills in entire the game.
 B = Kills by you in this place as a percentage of kills by you in the entire game.
 C = Kills by friends in this place as a percentage of kills by friends in the entire game.
 D = Other kills in this place as a percentage of other kills in the entire game.
 E = Experience gained in this place as a percentage of experience gained in the entire game.
 F = Experience gained in this place divided by the number of levels of this place that you have seen.
                   A       B       C       D       E      F
               +-------+-------+-------+-------+-------+----------------------
         Total | 100.0 | 100.0 |  -nan |  -nan | 100.0 | 262.4
       Dungeon | 100.0 | 100.0 |  -nan |  -nan | 100.0 | 299.9
               +-------+-------+-------+-------+-------+----------------------

Vault maps used:
D:1:      lightli_molten_gateway
D:3:      first_bread
D:4:      tgw_trog
D:5:      trog_three_pillars_becter
D:6:      old_standard_altar, minmay_temple_entry_overgrown
D:7:      basic_altar, serial_bayou, serial_bayou_crossing,
          serial_bayou_shore_b, serial_bayou_pond_d, serial_bayou_shore_b
Temple:   circular_temple_pool_12
